[Event "Team 45 45 League T77"]
[Site "Internet Chess Club"]
[Date "2018.07.16"]
[Round "4"]
[White "Hal2001"]
[Black "Andaluz"]
[Result "1/2-1/2"]
[WhiteElo "1528"]
[BlackElo "1273"]
[Opening "Caro-Kann defense"]
[ECO "B15"]
[Time "13:10:31"]
[TimeControl "2700+45"]

1. e4 c6 2. d4 d5 3. Nc3 e6 4. exd5 exd5 5. a3 Bd6 6. Bd3 Nf6 7. Bg5 Be6 8. Nf3
Nbd7 9. Qe2 Qc7 10. b4 b5 {Game drawn by mutual agreement} 1/2-1/2

[Event "Team 45 45 League T77"]
[Site "Internet Chess Club"]
[Date "2018.07.15"]
[Round "4"]
[White "RD1974"]
[Black "justice02"]
[Result "0-1"]
[WhiteElo "1612"]
[BlackElo "1627"]
[Opening "French: Réti (Spielmann) variation"]
[ECO "C00"]
[Time "19:32:51"]
[TimeControl "2700+45"]

1. e4 e6 2. b3 d5 3. Bb2 dxe4 4. Nc3 Nf6 5. Qe2 Bb4 6. O-O-O Bxc3 7. dxc3 Qe7 8.
g4 Nbd7 9. g5 Nd5 10. h4 Nc5 11. Nh3 O-O 12. c4 Nb4 13. Kb1 e5 14. Bg2 Bf5 15.
Qe3 Rad8 16. h5 Bg4 17. f3 exf3 18. Bxf3 Bf5 19. Rc1 Ncd3 20. Be4 Bxe4 21. Qxe4
Nxc1 22. Rxc1 Nc6 23. g6 f5 24. Qg2 h6 25. Re1 Qh4 26. Nf2 Rd2 27. Rf1 Rfd8 28.
Bc3 Re2 29. Qf3 Rxf2 30. Rxf2 f4 31. Qe2 Qf6 32. Kb2 Qf5 33. Qf3 a5 34. a3 Qe6
35. Qe4 Rf8 36. Qd5 Qxd5 37. cxd5 Nd4 38. Bxa5 b6 39. c4 bxa5 40. Kc3 Rb8 41. b4
axb4+ 42. axb4 Kf8 43. c5 Ke7 44. Ra2 f3 45. Ra7 Nb5+ {White resigns} 0-1

[Event "Team 45 45 League T77"]
[Site "Internet Chess Club"]
[Date "2018.07.15"]
[Round "4"]
[White "zepled37"]
[Black "ILRE"]
[Result "1/2-1/2"]
[WhiteElo "1688"]
[BlackElo "1579"]
[Opening "French: advance, Euwe variation"]
[ECO "C02"]
[Time "17:06:50"]
[TimeControl "2700+45"]

1. e4 e6 2. d4 d5 3. e5 c5 4. c3 Nc6 5. Nf3 Bd7 6. Be2 Nge7 7. Na3 cxd4 8. cxd4
Nf5 9. Nc2 a5 10. O-O Be7 11. Ne3 Nxe3 12. fxe3 O-O 13. Bd2 f6 14. exf6 Bxf6 15.
Bc3 Ne7 16. a4 Nf5 17. Qd2 b6 18. Bd3 g6 19. e4 dxe4 20. Bxe4 Rc8 21. Bc2 Bc6
22. Bb3 Bd5 23. Bxd5 exd5 24. Rfe1 Nd6 25. Re2 Ne4 26. Qe1 Bg7 27. Bd2 Rc2 28.
Bc3 Rxe2 29. Qxe2 Re8 30. Qd3 Qd6 31. Nd2 Nf6 32. Nf3 Bh6 33. Bd2 Bxd2 34. Qxd2
Ne4 35. Qc2 Kg7 36. Rc1 Re7 37. Qc6 Rd7 38. Qxd6 Rxd6 39. Ne5 Kg8 40. Rc8+ Kg7
41. Rc7+ Kg8 42. Rc8+ Kg7 43. Rc7+ Kg8 44. Rc8+ {Game drawn by repetition}
1/2-1/2

[Event "Team 45 45 League T77"]
[Site "Internet Chess Club"]
[Date "2018.07.12"]
[Round "4"]
[White "Gojira"]
[Black "Grenadier"]
[Result "1/2-1/2"]
[WhiteElo "1617"]
[BlackElo "1572"]
[Opening "Queen's pawn: London system"]
[ECO "A45"]
[Time "22:01:15"]
[TimeControl "2700+45"]

1. d4 Nf6 2. Bf4 d6 3. e3 Bf5 4. Nf3 Nbd7 5. Nbd2 Nh5 6. Bg3 Nxg3 7. hxg3 Bg4 8.
Be2 g6 9. c3 Bg7 10. Qb3 Bxf3 11. Nxf3 b6 12. Ng5 e6 13. Nxh7 Nf6 14. Nxf6+ Qxf6
15. Rxh8+ Bxh8 16. Bf3 O-O-O 17. Bc6 Qg5 18. Qc4 Qa5 19. a4 a6 20. b4 b5 21.
Qxe6+ fxe6 22. bxa5 bxa4 23. Rxa4 d5 24. c4 Rd6 25. Be8 e5 26. c5 Re6 27. Bf7
Rf6 28. Bxd5 exd4 29. exd4 Kd7 30. c6+ Ke7 31. Be4 Rd6 32. d5 g5 33. Kd2 Be5 34.
Rb4 Rf6 35. Bf3 Bd6 36. Re4+ Kd8 37. Kc3 Rh6 38. Bg4 Rf6 39. Bh5 Be7 40. Re2 Rf8
41. Rb2 Bd6 42. Rb8+ Ke7 43. Rxf8 Kxf8 44. Be2 Bc5 45. f3 Ke7 46. Bxa6 Kd6 47.
Bc4 Bf2 48. g4 Be1+ 49. Kd3 Bxa5 50. Ke4 Bd2 51. Kf5 Kc5 52. Ba2 Kd6 53. g3 Be1
54. f4 Bxg3 55. fxg5 Ke7 56. Kg6 Kf8 57. Kf5 Kg7 58. Bb1 Bd6 59. g6 Bh2 60. Ke6
Bd6 61. g5 Bh2 62. Kd7 Bd6 {Game drawn by mutual agreement} 1/2-1/2

[Event "Team 45 45 League T77"]
[Site "Internet Chess Club"]
[Date "2018.07.16"]
[Round "4"]
[White "GoIrish"]
[Black "idjit"]
[Result "0-1"]
[WhiteElo "1506"]
[BlackElo "1551"]
[Opening "Réti opening"]
[ECO "A04"]
[Time "20:37:29"]
[TimeControl "2700+45"]

1. Nf3 e6 2. g3 Nf6 3. Bg2 d5 4. O-O c5 5. d3 Nc6 6. Nbd2 Bd6 7. Re1 O-O 8. e4
e5 9. exd5 Nxd5 10. Nc4 f6 11. Nxd6 Qxd6 12. Nd2 Be6 13. Ne4 Qe7 14. a3 Rad8 15.
Be3 Nxe3 16. Rxe3 Nd4 17. Nd2 b5 18. Nf3 Nf5 19. Re2 a5 20. Qe1 b4 21. axb4 axb4
22. b3 Bd5 23. c4 Bc6 24. Rd1 Qb7 25. Re3 Nxe3 26. Qxe3 Rd6 27. Nh4 Bxg2 28.
Nxg2 Rfd8 29. Ne1 Qc6 30. Ra1 Rd4 31. Rd1 Qd7 32. Kf1 e4 33. Ke2 exd3+ 34. Nxd3
Re8 {White resigns} 0-1

[Event "Team 45 45 League T77"]
[Site "Internet Chess Club"]
[Date "2018.07.14"]
[Round "4"]
[White "Terte"]
[Black "primerpaso"]
[Result "0-1"]
[WhiteElo "1778"]
[BlackElo "1826"]
[Opening "Sicilian: closed"]
[ECO "B24"]
[Time "10:01:14"]
[TimeControl "2700+45"]

1. e4 c5 2. Nc3 Nc6 3. g3 g6 4. Bg2 Bg7 5. d3 e6 6. f4 Nge7 7. Nf3 O-O 8. O-O b6
9. Be3 d5 10. exd5 exd5 11. Bf2 d4 12. Ne4 Nd5 13. Re1 Nce7 14. Ned2 Bb7 15. Nf1
Qc7 16. Qd2 Nf5 17. g4 Nfe3 18. Nxe3 dxe3 19. Bxe3 Bxb2 20. f5 Bc3 21. Qf2 Bxa1
22. Rxa1 Nxe3 23. Qxe3 f6 24. fxg6 hxg6 25. d4 Rae8 26. Qb3+ c4 27. Qc3 Bd5 28.
Rf1 Kg7 29. g5 fxg5 30. Ne5 Bxg2 31. Kxg2 Qb7+ 32. Rf3 Rxe5 33. dxe5 g4 34. e6+
Kh7 35. e7 Qxf3+ 36. Qxf3 gxf3+ {White resigns} 0-1

[Event "Team 45 45 League T77"]
[Site "Internet Chess Club"]
[Date "2018.07.14"]
[Round "4"]
[White "VictorRed"]
[Black "leandromorg"]
[Result "1/2-1/2"]
[WhiteElo "1739"]
[BlackElo "1765"]
[Opening "King's Indian: 5.Nf3"]
[ECO "E90"]
[Time "21:31:48"]
[TimeControl "2700+45"]

1. e4 g6 2. d4 Bg7 3. c4 d6 4. Nf3 Nf6 5. Nc3 c5 6. dxc5 Qa5 7. Qa4+ Qxa4 8.
Nxa4 Nxe4 9. Bd3 Nxc5 10. Nxc5 dxc5 11. O-O Nc6 12. Re1 Bg4 13. Be4 O-O-O 14.
Ng5 Be6 15. Nxe6 fxe6 16. Bxc6 bxc6 17. Bg5 Bxb2 18. Rab1 Bd4 19. Bxe7 Rd7 20.
Rxe6 Re8 21. Rxc6+ Rc7 22. Rxc7+ Kxc7 23. Bg5 Re2 24. Bf4+ Kc6 25. Bg3 Rxa2 26.
Kf1 Ra1 27. Rxa1 Bxa1 28. Ke2 a5 29. Kd2 a4 30. Kc2 Bd4 31. f3 Kd7 32. Be1 Ke6
33. Bd2 h5 34. Bc1 Ke5 35. Kd3 Kf5 36. h3 h4 37. Ke2 Bc3 38. Kd3 Bb4 39. Kc2 Ke5
40. Bg5 Kd4 41. Bxh4 Kxc4 42. Bf6 Kd5 43. h4 Ke6 44. Bg7 c4 45. g4 Be7 46. h5
gxh5 47. gxh5 Bf6 48. Bh6 Kf5 49. Bc1 Bg7 50. h6 Bf6 51. Kb1 Kg6 52. Ka2 Be7 53.
Kb2 Bb4 54. Kc2 Kh7 55. Be3 Kg6 56. Kb2 Kh7 57. Bc1 Kg6 58. Kc2 Kh7 59. Kb2
{Game drawn by mutual agreement} 1/2-1/2

[Event "Team 45 45 League T77"]
[Site "Internet Chess Club"]
[Date "2018.07.16"]
[Round "4"]
[White "MarcB"]
[Black "Portola"]
[Result "0-1"]
[WhiteElo "1655"]
[BlackElo "1758"]
[Opening "Réti: King's Indian attack (Barcza system)"]
[ECO "A07"]
[Time "19:00:33"]
[TimeControl "2700+45"]

1. Nf3 d5 2. g3 c6 3. Bg2 Bg4 4. O-O Nd7 5. d3 Ngf6 6. Re1 e6 7. Nbd2 Be7 8. c3
O-O 9. e4 dxe4 10. Nxe4 Nxe4 11. Rxe4 Bf5 12. Re1 h6 13. d4 Qb6 14. Nd2 Rfe8 15.
Nc4 Qa6 16. Bf1 b5 17. Ne3 Bg6 18. a4 Qb6 19. axb5 cxb5 20. Bg2 Rac8 21. Nc2 Nf6
22. Qe2 a6 23. Ne3 Rcd8 24. Ng4 Nd5 25. Ne5 Bh7 26. h4 Bf8 27. Bxd5 exd5 28. Qf3
f6 29. Bxh6 fxe5 30. Bg5 e4 31. Qg4 Be7 32. Bf4 Bf6 33. Qh5 Qe6 34. Qd1 Ra8 35.
b4 Qf5 36. Qd2 Bg6 37. Kg2 Bh5 38. Qe3 Bf3+ 39. Kh2 Qh7 40. Bg5 Bxg5 41. Qxg5
Qh5 42. Qf4 Rf8 43. Qd6 Bg4 44. Ra2 Qf5 45. Re3 Rf6 46. Qc7 Raf8 47. Kg1 Qd7 48.
Qxd7 Bxd7 49. Kg2 Bg4 50. Kg1 Re8 51. Kg2 Ree6 52. Kh2 Rf5 53. Kg2 Ref6 54. Kg1
Bf3 55. Kf1 g5 56. g4 Rf4 57. hxg5 Rg6 58. Ke1 Rxg4 59. Kd2 R4xg5 60. Ra1 Rg1
61. Rae1 R1g2 62. Rf1 Rg1 63. Ree1 Rxf1 64. Rxf1 Rg2 65. Ke3 Rg4 66. Ra1 Rg6 67.
Ra2 Rf6 68. c4 dxc4 69. d5 Kf7 70. Kd4 Ke7 71. Rd2 Kd6 72. Ra2 Kc7 73. Ke5 Rd6
74. Kd4 Kb6 75. Rd2 Rxd5+ 76. Kc3 Rxd2 77. Kxd2 Kc6 78. Kc3 Kd5 79. Kc2 Kd4 80.
Kd2 c3+ 81. Kc2 Kc4 {White resigns} 0-1

[Event "Team 45 45 League T77"]
[Site "Internet Chess Club"]
[Date "2018.07.13"]
[Round "4"]
[White "andrew37"]
[Black "fireball"]
[Result "0-1"]
[WhiteElo "1623"]
[BlackElo "1571"]
[Opening "French defense"]
[ECO "C00"]
[Time "17:02:22"]
[TimeControl "2700+45"]

1. e4 e6 2. Nf3 d5 3. exd5 exd5 4. d4 Nf6 5. Bd3 Bd6 6. O-O O-O 7. c3 Bg4 8. Be3
Nbd7 9. Nbd2 Re8 10. h3 Bh5 11. Qc2 Bg6 12. Rae1 Ne4 13. c4 c6 14. c5 Bc7 15. b4
f5 16. Nb1 Ndf6 17. Nh4 f4 18. Nxg6 hxg6 19. Bc1 g5 20. Bxe4 dxe4 21. Qc4+ Kh8
22. Nc3 Qd7 23. a4 f3 24. Bxg5 fxg2 25. Kxg2 Qf5 26. Bxf6 Qf3+ 27. Kg1 gxf6 28.
Re3 Rg8+ {White resigns} 0-1

[Event "Team 45 45 League T77"]
[Site "Internet Chess Club"]
[Date "2018.07.16"]
[Round "4"]
[White "PolishRyszard"]
[Black "fledermaus"]
[Result "1-0"]
[WhiteElo "1841"]
[BlackElo "1833"]
[Opening "Nimzovich-Larsen attack: classical variation"]
[ECO "A01"]
[Time "08:34:05"]
[TimeControl "2700+45"]

1. b3 d5 2. Bb2 Nf6 3. e3 c5 4. f4 g6 5. Nf3 Bg7 6. Bb5+ Bd7 7. Be2 O-O 8. O-O
Bg4 9. d3 Nc6 10. Nbd2 Re8 11. Ne5 Bxe2 12. Qxe2 Qc7 13. Qf3 e6 14. Nxc6 Qxc6
15. Rae1 Rad8 16. Ba1 b5 17. g4 Nd7 18. Bxg7 Kxg7 19. f5 exf5 20. gxf5 Re5 21.
fxg6 Qxg6+ 22. Kh1 Qh5 23. Rg1+ Kf8 24. Qg3 Re6 25. Ref1 Rg6 26. Qc7 Rxg1+ 27.
Rxg1 Ke7 28. Qf4 Re8 29. e4 Kd8 30. Rf1 Re7 31. Rg1 Kc8 32. Rf1 Kb7 33. Qd6 Qg5
34. Nf3 Qf6 35. Qxd5+ Kb6 36. Nd2 Qd4 37. Qxd4 cxd4 38. Nf3 Kc5 39. a3 a5 40.
Rg1 f6 41. Rg8 Nb6 42. Rd8 Rd7 43. Rxd7 Nxd7 44. Kg2 Nb8 45. Kg3 Nc6 46. Kf4 a4
47. bxa4 bxa4 48. Kf5 Nb4 49. Ne1 Kd6 50. Kxf6 Nc6 51. Nf3 Kd7 52. e5 Ne7 53.
Nxd4 Nd5+ 54. Kf7 {Black resigns} 1-0

[Event "Team 45 45 League T77"]
[Site "Internet Chess Club"]
[Date "2018.07.13"]
[Round "4"]
[White "jonesey"]
[Black "disinformator"]
[Result "1-0"]
[WhiteElo "1851"]
[BlackElo "1774"]
[Opening "English: symmetrical, Botvinnik system"]
[ECO "B20"]
[Time "15:01:16"]
[TimeControl "2700+45"]

1. e4 c5 2. c4 Nc6 3. Nc3 g6 4. g3 Bg7 5. Bg2 d6 6. d3 a6 7. a3 e6 8. Nge2 Nge7
9. Rb1 O-O 10. O-O Nd4 11. b4 Nec6 12. Bd2 Ne5 13. f4 Nec6 14. Kh1 Nxe2 15. Nxe2
Ra7 16. Be3 Nd4 17. Bxd4 cxd4 18. Qd2 b5 19. Rfc1 Bd7 20. c5 dxc5 21. Rxc5 Qb6
22. e5 a5 23. Nxd4 axb4 24. Qxb4 Rfa8 25. Bxa8 Rxa8 26. Nxb5 Bc6+ 27. Kg1 Ra5
28. d4 Bxb5 29. Rc8+ {Black resigns} 1-0

[Event "Team 45 45 League T77"]
[Site "Internet Chess Club"]
[Date "2018.07.16"]
[Round "4"]
[White "cadmiumorange"]
[Black "LookImYourVader"]
[Result "1/2-1/2"]
[WhiteElo "1770"]
[BlackElo "1820"]
[Opening "Réti: King's Indian attack (Barcza system)"]
[ECO "A07"]
[Time "14:01:57"]
[TimeControl "2700+45"]

1. Nf3 d5 2. g3 Nf6 3. Bg2 Bg4 4. O-O Nbd7 5. d3 c6 6. Nbd2 e6 7. Qe1 Bd6 8. e4
Qc7 9. h3 Bxf3 10. Nxf3 dxe4 11. dxe4 Ne5 12. Nxe5 Bxe5 13. Kh2 O-O 14. c3 Qb6
15. f4 Bc7 16. Rf2 a5 17. Be3 Qa6 18. Rd1 Bb6 19. Rfd2 Rfd8 20. Bf1 Rxd2+ 21.
Rxd2 Qa7 22. Bd4 {Game drawn by mutual agreement} 1/2-1/2

[Event "Team 45 45 League T77"]
[Site "Internet Chess Club"]
[Date "2018.07.16"]
[Round "4"]
[White "elmaestro"]
[Black "walkover"]
[Result "0-1"]
[WhiteElo "1672"]
[BlackElo "1733"]
[Opening "Queen's pawn: stonewall attack"]
[ECO "A45"]
[Time "14:05:38"]
[TimeControl "2700+45"]

1. d4 Nf6 2. e3 d5 3. Bd3 g6 4. Nd2 Bg7 5. Ngf3 O-O 6. O-O Nbd7 7. c3 c5 8. Ne5
Nxe5 9. dxe5 Ng4 10. Nf3 Nxe5 11. Nxe5 Bxe5 12. f4 Bg7 13. g4 e5 14. g5 e4 15.
Be2 Bf5 16. h4 Qd7 17. a4 Rad8 18. Bb5 Qc8 19. Kh2 d4 20. Qe1 a6 21. Bc4 Be6 22.
Be2 d3 23. Bd1 b5 24. axb5 axb5 25. Bd2 Qc7 26. h5 f6 27. hxg6 fxg5 28. Qg3 gxf4
29. gxh7+ Kxh7 30. Rxf4 Rxf4 31. Qxf4 Be5 {White resigns} 0-1

[Event "Team 45 45 League T77"]
[Site "Internet Chess Club"]
[Date "2018.07.16"]
[Round "4"]
[White "Gojira"]
[Black "rubo"]
[Result "1-0"]
[WhiteElo "1622"]
[BlackElo "1598"]
[Opening "Queen's pawn: London system"]
[ECO "A45"]
[Time "21:00:38"]
[TimeControl "2700+45"]

1. d4 Nf6 2. Bf4 g6 3. e3 Bg7 4. Nf3 c5 5. c3 Qb6 6. Qb3 Qxb3 7. axb3 d6 8. dxc5
e5 9. Bg3 Ne4 10. cxd6 Nxg3 11. hxg3 Be6 12. Nbd2 Nc6 13. Bb5 O-O 14. Bxc6 bxc6
15. Nc4 Rfb8 16. Ncxe5 Rxb3 17. d7 Rxb2 18. Rxa7 Rd8 19. O-O Bf6 20. Rd1 Bd5 21.
c4 Bxf3 22. Nxf3 Rc2 23. Rd6 Rc1+ 24. Kh2 Be7 25. Rxc6 Rd1 26. Nd4 Rb1 27. Rc8
Rb8 28. Rxb8 Rxb8 29. Nc6 Bc5 30. Nxb8 {Black resigns} 1-0

[Event "Team 45 45 League T77"]
[Site "Internet Chess Club"]
[Date "2018.07.11"]
[Round "4"]
[White "nosir"]
[Black "bennywins"]
[Result "1/2-1/2"]
[WhiteElo "1417"]
[BlackElo "1540"]
[Opening "Queen's pawn, Mason variation"]
[ECO "D00"]
[Time "20:40:00"]
[TimeControl "2700+45"]

1. d4 d5 2. Bf4 Bf5 3. e3 Nf6 4. Nf3 h6 5. Nbd2 Nh5 6. Bg3 Nxg3 7. hxg3 e6 8.
Nb3 c5 9. dxc5 Qc7 10. Qd4 Bxc2 11. Rc1 Bxb3 12. axb3 a6 13. Bd3 Nc6 14. Qc3 Rc8
15. b4 a5 16. Bb5 axb4 17. Qxb4 Kd8 18. Qf4 Qxf4 19. gxf4 Na7 20. Bd3 Bxc5 21.
Ne5 Bb4+ 22. Kd1 Rxc1+ 23. Kxc1 Ke7 24. Be2 Nc6 25. Nd3 Bd6 26. Bf3 Rc8 27. Kd1
Nb4 28. Nxb4 Bxb4 29. Rh5 Bd6 30. Bg4 f5 31. Bf3 Kf7 32. g4 Kg6 33. gxf5+ exf5
34. Rh3 Be7 35. Rg3+ Kh7 36. Bh5 Rc6 37. Bf3 Bf6 38. b3 g6 39. Ke2 Rd6 40. Rg1
b6 41. Rd1 d4 42. Rd3 h5 43. Kd2 dxe3+ 44. fxe3 Rxd3+ 45. Kxd3 Be7 46. Kc4 Bc5
47. Kd3 Kh6 48. e4 fxe4+ 49. Kxe4 g5 50. fxg5+ Kxg5 51. Bg2 h4 52. Kf3 Kf5 53.
Bf1 Bd6 54. Bh3+ Ke5 55. Kg4 Be7 56. Bf1 Kd4 57. Bc4 Ke3 58. Bd5 Kf2 59. Bc4 Kg1
60. Kh3 Kf2 61. Bb5 Ke3 62. Bc4 Kf4 63. Bf7 Kg5 64. Be8 Bd6 65. Bb5 Bg3 66. Bc4
Kf4 67. Bb5 Ke3 68. Bc4 Kd4 69. Bg8 Kc5 70. Bf7 Kb4 71. Bg8 Kc3 72. Bf7 b5 73.
Be6 b4 74. Bg8 {Game drawn by mutual agreement} 1/2-1/2

[Event "Team 45 45 League T77"]
[Site "Internet Chess Club"]
[Date "2018.07.15"]
[Round "4"]
[White "Scorpius"]
[Black "g8wrb"]
[Result "1-0"]
[WhiteElo "1348"]
[BlackElo "1323"]
[Opening "French: classical, Steinitz variation"]
[ECO "C14"]
[Time "13:08:21"]
[TimeControl "2700+45"]

1. e4 e6 2. d4 d5 3. Nc3 Nf6 4. Bg5 Be7 5. e5 Nfd7 6. Bxe7 Qxe7 7. f4 a6 8. Nf3
c5 9. Qd2 Nc6 10. O-O-O cxd4 11. Nxd4 Nxd4 12. Qxd4 Qc5 13. Qd3 Nb6 14. Qg3 O-O
15. h4 f6 16. Be2 fxe5 17. fxe5 Bd7 18. h5 h6 19. Qg6 Qe3+ 20. Kb1 Qxe5 21. Bd3
Rf6 22. Qh7+ Kf8 23. Rhf1 Qg5 24. Bg6 Bb5 25. Qh8+ Ke7 26. Qxg7+ Kd6 27. Nxb5+
axb5 28. Qxf6 Qxg2 29. Bf7 Qg4 30. Qxh6 Nc4 31. Qf4+ Ne5 32. Qxg4 Nxg4 33. Rde1
Ne5 34. Rf6 Nxf7 35. Rxf7 b6 36. h6 b4 37. h7 b3 38. cxb3 e5 39. Rg7 Rh8 40. Rh1
e4 41. Rg8 d4 42. Rxh8 d3 43. Rd8+ Ke5 44. h8=Q+ Kf4 45. Qh6+ Kf3 46. Rf8+ Ke2
47. Qh2+ {Black resigns} 1-0

[Event "Team 45 45 League T77"]
[Site "Internet Chess Club"]
[Date "2018.07.15"]
[Round "4"]
[White "Electryon"]
[Black "fireball"]
[Result "1/2-1/2"]
[WhiteElo "1480"]
[BlackElo "1567"]
[Opening "Queen's pawn: London system"]
[ECO "A45"]
[Time "10:09:52"]
[TimeControl "2700+45"]

1. d4 Nf6 2. Bf4 e6 3. e3 d5 4. Nf3 c5 5. c3 Nc6 6. Nbd2 c4 7. b3 b5 8. a4 b4 9.
bxc4 bxc3 10. Nb1 Bb4 11. Qc2 Ba6 12. cxd5 Bxf1 13. Kxf1 Qxd5 14. Nxc3 Qc4+ 15.
Kg1 Qxc3 16. Qxc3 Bxc3 17. Rc1 Ne4 18. Nh4 g5 19. f3 gxf4 20. fxe4 Bd2 21. Rxc6
Bxe3+ 22. Kf1 Kd7 23. Rc4 Rhc8 24. Rxc8 Rxc8 25. Ke2 Rc2+ 26. Kd3 Rd2+ 27. Kc3
Rxd4 28. Rb1 Kc7 29. Rb4 Rxb4 30. Kxb4 Kc6 31. Nf3 f5 32. exf5 exf5 33. Kc4 Kb6
34. Nh4 h5 35. Nxf5 Bg1 36. h3 Bf2 37. Ng7 h4 38. Ne6 Be3 39. Nf8 Bf2 40. Ng6
Bg3 41. Ne5 Ka5 42. Kb3 Kb6 43. Kc4 Ka5 44. Nc6+ Kb6 45. Ne5 {Game drawn by
repetition} 1/2-1/2

[Event "Team 45 45 League T77"]
[Site "Internet Chess Club"]
[Date "2018.07.15"]
[Round "4"]
[White "Skeptic1972"]
[Black "kutch"]
[Result "1-0"]
[WhiteElo "1577"]
[BlackElo "1522"]
[Opening "Ruy Lopez: 5.O-O"]
[ECO "C78"]
[Time "14:31:33"]
[TimeControl "2700+45"]

1. e4 e5 2. Nf3 Nc6 3. Bb5 a6 4. Ba4 Nf6 5. O-O b5 6. Bb3 Bc5 7. d3 d6 8. h3 h6
9. Be3 Ba7 10. Bxa7 Rxa7 11. Nc3 Be6 12. Qd2 O-O 13. d4 exd4 14. Nxd4 Nxd4 15.
Qxd4 c5 16. Qe3 Qc7 17. Bxe6 fxe6 18. Rfe1 d5 19. exd5 exd5 20. Rad1 d4 21. Qe6+
Qf7 22. Qxf7+ Kxf7 23. Ne4 Nxe4 24. Rxe4 Re7 25. Rde1 Rfe8 26. Rxe7+ Rxe7 27.
Rxe7+ Kxe7 28. Kf1 Ke6 29. Ke2 Ke5 30. g3 c4 31. h4 h5 32. b4 g6 33. f3 Kf5 34.
Kd2 Ke5 35. Ke2 d3+ 36. cxd3 c3 37. Kd1 Kd4 38. Kc2 Ke3 39. Kxc3 Kxf3 40. d4 Ke4
41. a3 Kd5 42. Kd3 Kd6 43. Ke4 Ke6 44. d5+ Kd6 45. Kd4 Kd7 46. Kc5 Ke7 47. d6+
Kd7 48. Kd5 Kd8 49. Kc6 Kc8 50. d7+ Kd8 51. Kd6 a5 52. bxa5 b4 53. a6 {Black
resigns} 1-0

[Event "Team 45 45 League T77"]
[Site "Internet Chess Club"]
[Date "2018.07.14"]
[Round "4"]
[White "sdcohle"]
[Black "Gilguli"]
[Result "0-1"]
[WhiteElo "1399"]
[BlackElo "1369"]
[Opening "Queen's pawn game"]
[ECO "D04"]
[Time "15:10:59"]
[TimeControl "2700+45"]

1. d4 d5 2. Nf3 Nf6 3. e3 Nc6 4. c3 Bg4 5. Bd3 e5 6. dxe5 Nxe5 7. Be2 Nxf3+ 8.
Bxf3 Bxf3 9. Qxf3 Bd6 10. O-O c6 11. Nd2 Qc7 12. h3 O-O-O 13. b4 h5 14. a3 Qe7
15. c4 Qe5 16. Qg3 Qxa1 17. Qxg7 Qe5 18. Nf3 Qe7 19. Bb2 Ne4 20. c5 Bc7 21. Qd4
f6 22. Ne1 Be5 23. Qd3 Bxb2 24. Nc2 Rdg8 25. b5 Qg7 26. Ne1 Bc3 27. g3 Bxe1 28.
Rxe1 Nxg3 29. fxg3 Qxg3+ 30. Kf1 Qg2# {White checkmated} 0-1

[Event "Team 45 45 League T77"]
[Site "Internet Chess Club"]
[Date "2018.07.13"]
[Round "4"]
[White "Toalla"]
[Black "Aquaman"]
[Result "1-0"]
[WhiteElo "1212"]
[BlackElo "1198"]
[Opening "Réti opening"]
[ECO "A05"]
[Time "15:31:59"]
[TimeControl "2700+45"]

1. Nf3 Nf6 2. g3 c6 3. Bg2 d6 4. O-O e5 5. e4 Nxe4 6. d4 Nd7 7. dxe5 dxe5 8. Re1
Nef6 9. Nxe5 Be7 10. Nxd7 Bxd7 11. Bg5 O-O 12. Nd2 Bf5 13. c3 Re8 14. Nf3 h6 15.
Bxf6 Bxf6 16. Rxe8+ Qxe8 17. Qe1 Qf8 18. Nd4 Bd7 19. Qd1 Rd8 20. Qh5 Bxd4 21.
cxd4 Be6 22. Qd1 Qb4 23. b3 Rxd4 24. Qe1 Qd6 25. f4 Bd7 26. a3 Qc5 27. Kh1 Qd6
28. b4 a6 29. Bf3 b5 30. Rd1 Rxd1 31. Qxd1 Qc7 32. Qd4 Be6 33. Qc5 Bd7 34. Kg2
Qc8 35. Qa7 Kf8 36. Kf2 Ke8 37. Ke3 f5 38. Qd4 Kf8 39. Qc5+ Kg8 40. Qe7 Qe8 41.
Qxe8+ Bxe8 42. Kd4 Kf7 43. Kc5 Ke7 44. Bxc6 Bxc6 45. Kxc6 Ke6 46. Kb6 Kd5 47.
Kxa6 Kc4 48. Kb6 g6 49. Kc6 g5 50. h3 g4 51. hxg4 fxg4 52. f5 h5 53. f6 h4 54.
f7 h3 55. f8=Q h2 56. Qf1+ Kb3 57. Kxb5 Kxa3 58. Qh1 {Black resigns} 1-0

[Event "Team 45 45 League T77"]
[Site "Internet Chess Club"]
[Date "2018.07.15"]
[Round "4"]
[White "MathBandit"]
[Black "fao9944"]
[Result "0-1"]
[WhiteElo "1528"]
[BlackElo "1710"]
[Opening "French: exchange variation"]
[ECO "C01"]
[Time "10:00:21"]
[TimeControl "2700+45"]

1. e4 e6 2. d4 d5 3. exd5 exd5 4. c4 Nf6 5. Nc3 Bb4 6. a3 Bxc3+ 7. bxc3 O-O 8.
cxd5 Re8+ 9. Be3 Nxd5 10. Qd2 Nc6 11. Bc4 Na5 12. Bxd5 Qxd5 13. Nf3 Nb3 14. Qa2
Qc4 15. Rc1 Bf5 16. Ne5 Qe6 17. Rd1 Nxd4 18. Qxe6 Nc2+ 19. Ke2 Rxe6 20. Nc4 Rae8
21. Kf3 Be4+ 22. Kg3 Rg6+ 23. Kh4 Bxg2 24. Ne5 Nxe3 25. fxe3 Rh6+ {White
resigns} 0-1

[Event "Team 45 45 League T77"]
[Site "Internet Chess Club"]
[Date "2018.07.13"]
[Round "4"]
[White "noblitz-oblige"]
[Black "Chess4Him"]
[Result "1-0"]
[WhiteElo "1561"]
[BlackElo "1503"]
[Opening "Robatsch (modern) defense"]
[ECO "B06"]
[Time "21:30:26"]
[TimeControl "2700+45"]

1. e4 g6 2. d4 Bg7 3. Nf3 d6 4. h3 a6 5. Bc4 b5 6. Bd5 c6 7. Bb3 Bb7 8. Nc3 Nd7
9. a3 Ngf6 10. O-O O-O 11. Re1 c5 12. d5 c4 13. Ba2 Nc5 14. Be3 Nfd7 15. Qd2 Re8
16. Bd4 f6 17. b3 cxb3 18. cxb3 Nb6 19. Rac1 Rc8 20. Qe3 Nbd7 21. b4 Na4 22. Ne2
Nab6 23. Nd2 Ra8 24. Nf4 Bh6 25. Qf3 Bxf4 26. Qxf4 Ne5 27. Qe3 Nbd7 28. f4 Nf7
29. Nf3 Rc8 30. Rxc8 Qxc8 31. Rc1 Qb8 32. Nd2 Rc8 33. Nb3 Rxc1+ 34. Qxc1 Qc8 35.
Qxc8+ Bxc8 36. Na5 Nd8 37. Nc6 Nxc6 38. dxc6+ Kf8 39. cxd7 Bxd7 40. e5 dxe5 41.
fxe5 fxe5 42. Bxe5 e6 43. Kf2 Ke7 44. Ke3 Bc8 45. Kf4 Kf7 46. Kg5 Bb7 47. g3 Bd5
48. Bxd5 exd5 49. Bd4 Ke6 50. Kh6 Kf5 51. Kxh7 g5 52. Kh6 g4 53. h4 Ke4 54. Bc5
d4 55. Bxd4 Kxd4 56. Kg5 Kc3 57. h5 Kb3 58. h6 Kxa3 59. h7 Kxb4 60. h8=Q {Black
resigns} 1-0

[Event "Team 45 45 League T77"]
[Site "Internet Chess Club"]
[Date "2018.07.12"]
[Round "4"]
[White "BrerRabbit"]
[Black "OGO"]
[Result "1-0"]
[WhiteElo "1371"]
[BlackElo "1310"]
[Opening "Queen's pawn: London system"]
[ECO "A45"]
[Time "14:02:11"]
[TimeControl "2700+45"]

1. d4 Nf6 2. Bf4 e6 3. e3 Nc6 4. c4 g6 5. Nc3 Bg7 6. Be2 O-O 7. Nf3 d6 8. h3 h6
9. Bh2 Bd7 10. O-O a6 11. a3 Rb8 12. Rc1 d5 13. cxd5 Nxd5 14. Nxd5 exd5 15. Qd2
b6 16. Bd3 a5 17. Rc2 Qf6 18. Bxc7 Rb7 19. Bg3 Ne7 20. Rfc1 Bxh3 21. Be5 Qe6 22.
gxh3 Qxh3 23. Bxg7 Kxg7 24. Qe2 Qg4+ 25. Kf1 h5 26. Ng1 Qg5 27. Rc7 Rxc7 28.
Rxc7 Nf5 29. Nf3 Qf6 30. Ke1 Re8 31. Ne5 Nh4 32. Kd1 Qd6 33. Rc6 Qb8 34. Qc2
Rxe5 35. dxe5 Qxe5 36. Qc3 {Black resigns} 1-0

[Event "Team 45 45 League T77"]
[Site "Internet Chess Club"]
[Date "2018.07.17"]
[Round "4"]
[White "WzeroMN"]
[Black "PsyMar"]
[Result "0-1"]
[WhiteElo "1050"]
[BlackElo "1291"]
[Opening "Ruy Lopez: Schliemann defense"]
[ECO "C63"]
[Time "10:31:26"]
[TimeControl "2700+45"]

1. e4 e5 2. Nf3 Nc6 3. Bb5 f5 4. Bxc6 dxc6 5. exf5 e4 6. Qe2 Bxf5 7. d3 Nf6 8.
O-O Qd5 9. Nc3 Qe6 10. Bg5 exf3 11. Qxe6+ Bxe6 12. Rae1 Kf7 13. Bxf6 fxg2 14.
Kxg2 gxf6 15. Re3 Bd6 16. Rfe1 Rhg8+ 17. Kh1 Rae8 18. Ne2 Bd5+ 19. f3 Rxe3
{White resigns} 0-1